 Dungeon Crawl Stone Soup version 0.29.1-14-g9c671dbff4 (webtiles) character file.

Game seed: 11783041880965413111

39 H0rd4k the Charlatan (level 3, 0/36 HPs)
             Began as an Octopode Artificer on Feb 16, 2023.
             Succumbed to a kobold's poison
             ... on level 2 of the Dungeon.
             The game lasted 00:01:55 (1627 turns).

H0rd4k the Charlatan (Octopode Artificer)           Turns: 1627, Time: 00:01:55

Health: 0/36       AC:  1    Str: 17    XL:     3   Next: 47%
Magic:  5/5        EV: 13    Int: 15    God:
Gold:   90         SH:  0    Dex: 12    Spells: 5/5 levels left

rFire   . . .      SeeInvis .   (no weapon)
rCold   . . .      Faith    .   (no shield)
rNeg    . . .      Spirit   .   (helmet restricted)
rPois   +          Reflect  .   (no amulet)
rElec   .          Harm     .   h - +6 ring of strength
rCorr   .          Rampage  .   l - ring of poison resistance
Will    .....                   (no ring)
Stlth   ..........              (no ring)
HPRegen 0.12/turn               (no ring)
MPRegen 0.09/turn               (no ring)
                                (no ring)
                                (no ring)

@: berserking, lethally poisoned (0 -> -6), invisible, very quick
A: almost no armour, amphibious, 8 rings, camouflage 1, gelatinous body 1,
(nimble swimmer 1), tentacles
a: no special abilities


You were on level 2 of the Dungeon.
You visited 1 branch of the dungeon, and saw 2 of its levels.

You collected 90 gold pieces.

Inventory:

Armour
 j - an orb of energy
Magical Staves
 k - a staff of conjuration
Jewellery
 h - a +6 ring of strength (left tentacle)
 l - a ring of poison resistance (right tentacle)
Wands
 b - a wand of flame (15) (quivered)
 c - a wand of charming (20)
 d - a wand of iceblast (5)
Scrolls
 a - 4 scrolls of identify {unknown}
 f - 2 scrolls of magic mapping {unknown}
Potions
 g - a potion of curing {unknown}


   Skills:
 * Level 2.1 Fighting
 - Level 2.3 Dodging
 - Level 1.3 Stealth
 + Level 0.7 Unarmed Combat
 * Level 1.7 Spellcasting
 - Level 3.2 Evocations


You had 5 spell levels left.
You didn't know any spells.
Your spell library contained the following spells:

 Spells                   Type           Power      Damage    Failure   Level
 Gell's Gravitas          Tloc           1%         N/A       56%         3
 Teleport Other           Tloc           1%         N/A       56%         3
 Dispersal                Tloc           0%         N/A       100%        6


Dungeon Overview and Level Annotations

Branches:
Dungeon (2/15)

Altars:


Innate Abilities, Weirdness & Mutations

You cannot wear most types of armour.
You are amphibious.
You can wear up to eight rings at the same time.
Your skin changes colour to match your surroundings (Stealth+).
Your rubbery body absorbs attacks. (AC +1, EV +1)
((You are camouflaged when in or above water. (Stealth+)))
You have tentacles for arms and can constrict up to eight enemies at once.


Message History

You tentacle-slap the dart slug.
The dart slug is severely wounded.
You constrict the dart slug.
You kill the dart slug!
The kobold shouts!
The kobold hits you with a +2 dagger of venom.
You see here 7 stones.
You tentacle-slap the kobold but do no damage.
Your grab misses the kobold. Your squeeze misses the kobold.
The kobold hits you with a +2 dagger of venom.
You are lethally poisoned!
You tentacle-slap the kobold. Your grab misses the kobold.
The kobold is moderately wounded.
You feel very sick.
The kobold hits you with a +2 dagger of venom.
* * * LOW HITPOINT WARNING * * *
You are too injured to fight recklessly!
You are too injured to fight recklessly!
You are too injured to fight recklessly!
You are too injured to fight recklessly!
You are too injured to fight recklessly!
You are too injured to fight recklessly!
You are too injured to fight recklessly!
There is a lethal amount of poison in your body!
There is a lethal amount of poison in your body!
There is a lethal amount of poison in your body!
You tentacle-slap the kobold but do no damage.
You grab the kobold. You squeeze the kobold.
You kill the kobold!
* * * LOW HITPOINT WARNING * * *
You feel very sick.
Unknown command.
It was a potion of invisibility.
You fade into invisibility!
* * * LOW HITPOINT WARNING * * *
You feel sick.
It was a potion of berserk rage.
A red film seems to cover your vision as you go berserk!
You feel yourself moving faster!
You feel mighty!
You die...

######### ..).......
...........#+########
....................#
........⌠..>........#
...............)....#
................@...#
......#...........†.#
#'#####.............#
.....##.............#
.....##.........?(..#
.....##.............#
#'#####.............#
#.# #.............#
#.# #.............#


There were no monsters in sight!

Vanquished Creatures
  An adder (D:2)
  A dart slug (D:2)
  6 goblins
  4 hobgoblins (D:2)
  2 jackals (D:1)
  2 kobolds
  3 ball pythons
  A bat (D:1)
  2 frilled lizards
  4 rats
26 creatures vanquished.

Notes
Turn   | Place    | Note
-------+----------+-------------------------------------------
     0 | D:1      | H0rd4k the Octopode Artificer began the quest for the Orb.
     0 | D:1      | Reached XP level 1. HP: 13/13 MP: 1/1
   216 | D:1      | Reached skill level 1 in Spellcasting
   216 | D:1      | Reached XP level 2. HP: 17/18 MP: 1/3
  1304 | D:2      | Reached XP level 3. HP: 24/24 MP: 5/5
  1335 | D:2      | Found a faded altar of an unknown god.
  1626 | D:2      | HP: 1/24 [poisoned by a kobold]
  1627 | D:2      | Succumbed to a kobold's poison

Illustrated notes

Levels and vault maps discovered:
D:1:      dpeg_arrival_round_a, layout_rooms, nrook_uturn
D:2:      layout_basic, chequers_ecumenical_altar_island, solitary_fountain

Skill      XL: |  1  2  3 |
---------------+----------+-----
Spellcasting   | 1 |  1.7
Fighting       | 2 |  2.1
Dodging        | |  2.3
Stealth        | |  1.3
Unarmed Combat | |  0.7
Evocations     | |  3.2

Action                   || total
-------------------------++-------
Melee: Unarmed           ||    60
       Constrict         ||    24
       Tentacles         ||    14
  Use: Potion            ||     2
 Stab: Sleeping          ||     4
Armor: Skin              ||     9
Dodge: Dodged            ||    32
